 Dungeon Crawl Stone Soup version 0.26-a0-662-g8b9c6dab81 (webtiles) character file.

Game seed: 13232366311679914829

21059 grandjackal the Fighter (level 12, -3/101 HPs)
             Began as a Demonspawn Gladiator on Oct 9, 2020.
             Was a Priest of Makhleb.
             Slain by Rupert
             ... wielding a +4 great sword of holy wrath
              (23 damage)
             ... on level 2 of the Orcish Mines.
             The game lasted 00:18:19 (16547 turns).

grandjackal the Fighter (Demonspawn Gladiator)     Turns: 16547, Time: 00:18:20

Health: -3/101     AC:  7    Str: 20    XL:     12   Next: 50%
Magic:  0/17       EV: 28    Int:  9    God:    Makhleb [***...]
Gold:   648        SH:  0    Dex: 18    Spells: 11/11 levels left

rFire    . . .     SeeInvis .   C - +7 long sword of Vaakuh {flame, *Noise rPois rC- rN++}
rCold    x . .     Faith    .   (no shield)
rNeg     + + +     Spirit   +   J - +2 leather armour "Esis" {rElec rN+ Dex+3 Stlth+}
rPois    +         Reflect  .   c - +0 helmet
rElec    +         Harm     .   K - +0 cloak
rCorr    .         Rampage  .   (no gloves)
MR       .....                  (no boots)
Stlth    ++........             F - amulet of guardian spirit
HPRegen  0.26/turn              G - ring of flight
MPRegen  0.15/turn              (no ring)

@: agile, berserk cooldown, slowed, very slow
A: talons 1, repulsion field 2, powered by death 1, powered by pain 2
a: Minor Destruction, Lesser Servant of Makhleb, Renounce Religion, Evoke Flight


You were on level 2 of the Orcish Mines.
You worshipped Makhleb.
Makhleb was most pleased with you.
You visited 2 branches of the dungeon, and saw 14 of its levels.
You also visited: Ice Cave.

You collected 1192 gold pieces.
You spent 544 gold pieces at shops.

Inventory:

Hand Weapons
 y - a +2 dagger of draining
 C - the +7 long sword of Vaakuh (weapon) {flame, *Noise rPois rC- rN++}
   (You found it on level 5 of the Dungeon)

   It has been specially enchanted to burn those struck by it, causing extra
   injury to most foes and up to half again as much damage against particularly
   susceptible opponents.
   Big, fiery blades are also staple armaments of hydra-hunters.
   It makes you vulnerable to cold.
   It protects you from poison.
   It greatly protects you from negative energy.
   It may make noises in combat.
 W - the +5 rapier of Annihilation {freeze, +Inv +Fly Str+4, unknown}
   (You found it on level 12 of the Dungeon)

   It has been specially enchanted to freeze those struck by it, causing extra
   injury to most foes and up to half again as much damage against particularly
   susceptible opponents.
   It can also slow down cold-blooded creatures.
   It affects your strength (+4).
   It lets you turn invisible.
   It lets you fly.
Missiles
 d - a throwing net (quivered)
Armour
 c - a +0 helmet (worn)
 q - the +0 cloak of Caufe {rElec rPois rC- Regen+}
   (You found it on level 12 of the Dungeon)

   It makes you vulnerable to cold.
   It insulates you from electricity.
   It protects you from poison.
   It increases your rate of regeneration.
 J - the +2 leather armour "Esis" (worn) {rElec rN+ Dex+3 Stlth+}
   (You found it on level 6 of the Dungeon)

   It affects your dexterity (+3).
   It insulates you from electricity.
   It protects you from negative energy.
   It makes you more stealthy.
 K - a +0 cloak (worn)
 N - a +0 kite shield
 V - a +1 plate armour of positive energy
 X - a +0 troll leather armour
Jewellery
 B - an uncursed amulet of the acrobat
 D - an uncursed ring of ice
 F - an amulet of guardian spirit (around neck)
 G - a ring of flight (left hand)
 H - an uncursed amulet of reflection
Wands
 r - a wand of iceblast (15)
 A - a wand of polymorph (14)
 Y - a wand of paralysis (7)
Scrolls
 g - 2 scrolls of vulnerability {unknown}
 i - 3 scrolls of blinking {unknown}
 j - 8 scrolls of remove curse
 n - 5 scrolls of magic mapping {unknown}
 p - 5 scrolls of teleportation {unknown}
 u - 4 scrolls of immolation {unknown}
 v - 5 scrolls of amnesia {unknown}
 w - 2 scrolls of random uselessness {unknown}
 z - 7 scrolls of enchant weapon {unknown}
 I - 2 scrolls of fear {unknown}
 M - a scroll of acquirement {unknown}
 Z - a scroll of enchant armour {unknown}
Potions
 b - 2 potions of might
 e - 8 potions of heal wounds
 k - 4 potions of brilliance
 l - 2 potions of cancellation
 o - a potion of stabbing
 s - a potion of berserk rage
 t - a potion of invisibility
 x - 5 potions of curing
 E - 5 potions of flight
 P - 2 potions of haste
 Q - 4 potions of ambrosia
 R - 3 potions of lignification
 S - a potion of mutation
Miscellaneous
 f - a tin of tremorstones (3/3)
 T - a lightning rod (4/4)


   Skills:
 + Level 11.7 Fighting
 + Level 11.0 Long Blades
 - Level 1.7 Throwing
 + Level 2.8 Armour
 - Level 10.6 Dodging
 + Level 7.9 Invocations


You had 11 spell levels left.
You didn't know any spells.
Your spell library contained the following spells:

 Spells                   Type           Power        Failure   Level
 Foxfire                  Conj/Fire      #...         43%         1
 Magic Dart               Conj           #...         43%         1
 Blink                    Tloc           N/A          56%         2
 Call Imp                 Summ           #.......     56%         2
 Searing Ray              Conj           #.....       56%         2
 Slow                     Hex            #.......     56%         2
 Conjure Flame            Conj/Fire      #.......     80%         3
 Dazzling Flash           Conj/Hex       #.....       80%         3
 Inner Flame              Hex/Fire       #.......     80%         3
 Mephitic Cloud           Conj/Pois/Air  #.......     80%         3
 Fulminant Prism          Conj/Hex       #.........   99%         4
 Iskenderun's Mystic Bla  Conj/Tloc      #.......     99%         4
 Sticky Flame             Conj/Fire      #.......     99%         4
 Fireball                 Conj/Fire      #.........   100%        5


Dungeon Overview and Level Annotations

Branches:
Dungeon (12/15)            Temple (0/1) D:7            Lair (0/6) D:9
    Orc (2/2) D:11          IceCv (visited)
    Elf: Orc:2

Altars:
Elyvilon
Fedhas
Gozag
Makhleb
Nemelex Xobeh
Okawaru
Qazlal
Ru
Sif Muna
Vehumet
Xom

Shops:
D:8 (   D:10 !

Portals:
Trove: D:11 (show abyssal rune of Zot)

Annotations:
D:8 exclusion: obsidian statue
Orc:2 Rupert


Innate Abilities, Weirdness & Mutations

You have sharp toenails.
You are surrounded by a moderate repulsion field. (EV +3)
You regenerate a little health from kills.
You sometimes gain power by taking damage.


Message History

Rupert is moderately wounded.
Rupert hits you with a +4 great sword of holy wrath!!
You convulse!!
* * * LOW HITPOINT WARNING * * *
You focus on the pain.
You feel your power returning.
You are no longer berserk.
You are exhausted.
You feel yourself slow down.
Rupert hits you with a +4 great sword of holy wrath!
* * * LOW HITPOINT WARNING * * *
You convulse!
* * * LOW HITPOINT WARNING * * *
The orc completely misses you.
Found a stone staircase leading up.
Things that are here:
a +0 hand axe; a +0 leather armour You closely miss the orc.
You feel less confused.
Rupert hits you with a +4 great sword of holy wrath!!
You die...

...# .. ##
#... ....#
.....#....
..$..#.#.## #
<.........#.#
...........
.......#.##
.......@o.#
.#.....@o.##
#......#.#)##
......#..).<#
.....###.#.##
....# #####
.#.# .#


You could see Rupert (berserk) and 2 orcs.

Vanquished Creatures
  A vault guard (D:11)
  A boulder beetle (D:12)
  3 two-headed ogres
  2 unseen horrors
  2 ugly things
  2 manticores (D:12)
  Maurice (D:8)
  A kobold demonologist (D:9)
  6 trolls
  23 yaks
  7 wyverns
  A wraith (D:11)
  Grum (D:8)
  3 wargs
  A soldier ant (D:12)
  4 water moccasins
  3 sky beasts (D:10)
  11 ice beasts
  3 eyes of draining
  10 orc warriors
  2 black bears
  A phantom (D:5)
  7 ogres
  3 centaurs
  A wolf (D:8)
  5 big kobolds (D:9)
  7 bullfrogs
  3 gnoll sergeants (D:8)
  A scorpion (D:11)
  11 killer bees
  2 howler monkeys
  2 quasits
  2 bullfrog zombies
  6 bullfrog skeletons
  6 jellies
  2 gnoll shamans (D:8)
  4 orc priests
  13 hounds
  6 centaur skeletons
  6 worker ants
  5 iguanas
  15 orc wizards
  A killer bee zombie (D:9)
  A hound zombie (D:5)
  7 gnolls (D:8)
  7 adders
  A white imp (D:7)
  2 ufetubi
  An ooze (D:2)
  An adder zombie (D:9)
  2 adder skeletons
  4 worms
  4 leopard geckos
  64 orcs
  4 bats
  7 giant cockroaches
  7 goblins
  2 hobgoblins
  4 jackals (D:8)
  2 quokkas
  2 ball pythons
  6 frilled lizards
  15 kobolds
  A leopard gecko zombie (D:5)
  5 rats
346 creatures vanquished.

Vanquished Creatures (others)
  A fungus (D:9)
  19 plants
20 creatures vanquished.

Grand Total: 366 creatures vanquished

Notes
Turn   | Place    | Note
-------+----------+-------------------------------------------
     0 | D:1      | grandjackal the Demonspawn Gladiator began the quest for
                  | the Orb.
     0 | D:1      | Reached XP level 1. HP: 16/16 MP: 1/1
    86 | D:1      | You fall into a shaft and drop 1 floor!
   331 | D:1      | Gained mutation: You sometimes gain a little power by
                  | taking damage. [demonic ancestry]
   331 | D:1      | Reached XP level 2. HP: 22/22 MP: 2/2
   974 | D:2      | Found a white marble altar of Elyvilon.
  1056 | D:2      | Found a burning altar of Makhleb.
  1169 | D:2      | Reached XP level 3. HP: 28/28 MP: 3/3
  1367 | D:2      | Found a sacrificial altar of Ru.
  2031 | D:3      | Gained mutation: You sometimes gain power by taking damage.
                  | [demonic ancestry]
  2031 | D:3      | Reached XP level 4. HP: 12/35 MP: 4/4
  2997 | D:4      | Reached XP level 5. HP: 27/41 MP: 5/5
  3744 | D:4      | Found a radiant altar of Vehumet.
  3761 | D:4      | Noticed an ogre
  3774 | D:4      | Killed an ogre
  4206 | D:5      | Entered Level 5 of the Dungeon
  4212 | D:5      | Reached XP level 6. HP: 44/48 MP: 6/6
  5118 | D:5      | Got an encrusted long sword
  5119 | D:5      | Identified the +7 long sword of Vaakuh {flame, *Noise rPois
                  | rC- rN++} (You found it on level 5 of the Dungeon)
  5387 | D:5      | Reached XP level 7. HP: 41/55 MP: 7/7
  5550 | D:5      | Reached skill level 5 in Long Blades
  5550 | D:5      | Reached skill level 5 in Dodging
  5552 | D:5      | Reached skill level 5 in Fighting
  5554 | D:5      | Found a blossoming altar of Fedhas.
  6481 | D:6      | Found a blossoming altar of Fedhas.
  6571 | D:6      | You fall into a shaft and drop 3 floors!
  6811 | D:9      | Reached XP level 8. HP: 64/64 MP: 8/8
  7146 | D:7      | Found a staircase to the Ecumenical Temple.
  7190 | D:7      | Found a stormy altar of Qazlal.
  7632 | D:6      | Got an ancient leather armour
  7643 | D:6      | Identified the +2 leather armour "Esis" {rElec rN+ Dex+3
                  | Stlth+} (You found it on level 6 of the Dungeon)
  7889 | D:6      | Gained mutation: You have sharp toenails. [demonic
                  | ancestry]
  7889 | D:6      | Reached XP level 9. HP: 72/72 MP: 9/9
  8414 | D:7      | Found a shimmering altar of Xom.
  8414 | D:7      | Found a faded altar of an unknown god.
  8469 | D:7      | Found an opulent altar of Gozag.
  8471 | D:7      | Found a faded altar of an unknown god.
  8472 | D:7      | Found a sparkling altar of Nemelex Xobeh.
  8659 | D:8      | Found an iron altar of Okawaru.
  8683 | D:8      | Found Sahohegg's Weapon Shoppe.
  8864 | D:8      | Noticed a two-headed ogre
  8942 | D:8      | Killed a two-headed ogre
  9140 | D:8      | Gained mutation: You are surrounded by a mild repulsion
                  | field. (EV +2) [demonic ancestry]
  9140 | D:8      | Reached XP level 10. HP: 56/82 MP: 10/10
  9507 | D:8      | Noticed Grum
  9514 | D:8      | Killed Grum
  9520 | D:8      | Noticed Maurice
  9540 | D:8      | Killed Maurice
 10030 | D:8      | Found a shimmering blue altar of Sif Muna.
 10135 | D:8      | Noticed an obsidian statue
 10314 | D:9      | Noticed a two-headed ogre
 10318 | D:9      | Killed a two-headed ogre
 11140 | D:9      | Reached skill level 10 in Fighting
 11194 | D:9      | Found a staircase to the Lair.
 11216 | D:9      | Gained mutation: You are surrounded by a moderate repulsion
                  | field. (EV +3) [demonic ancestry]
 11216 | D:9      | Reached XP level 11. HP: 90/90 MP: 11/11
 11513 | D:2      | Became a worshipper of Makhleb the Destroyer
 12127 | D:10     | Entered Level 10 of the Dungeon
 12133 | D:9      | Reached skill level 1 in Invocations
 12437 | D:10     | Reached * piety under Makhleb
 12960 | D:10     | Reached skill level 10 in Long Blades
 12979 | D:10     | Found Hougruwk's Distillery.
 13012 | D:10     | Bought 2 potions of ambrosia for 272 gold pieces
 13012 | D:10     | Bought a potion of lignification for 51 gold pieces
 13012 | D:10     | Bought a potion of mutation for 136 gold pieces
 13012 | D:10     | Bought a potion of heal wounds for 85 gold pieces
 13216 | D:11     | Noticed a two-headed ogre
 13219 | D:11     | Killed a two-headed ogre
 13219 | D:11     | Reached skill level 10 in Dodging
 13223 | D:11     | Noticed a vault guard
 13243 | D:11     | Killed a vault guard
 13550 | D:11     | Found a portal to a secret trove of treasure.
 13655 | D:11     | Reached skill level 5 in Invocations
 13662 | D:11     | Found a staircase to the Orcish Mines.
 13692 | D:11     | Reached ** piety under Makhleb
 13738 | D:11     | Killed an unseen horror
 14796 | D:12     | Gained mutation: You regenerate a little health from kills.
                  | [demonic ancestry]
 14796 | D:12     | Reached XP level 12. HP: 96/100 MP: 16/16
 14796 | D:12     | Noticed a boulder beetle
 14829 | D:12     | Killed a boulder beetle
 15212 | D:12     | Found a frozen archway.
 15218 | IceCv    | Entered an ice cave
 15284 | IceCv    | Reached skill level 1 in Armour
 15547 | D:12     | Reached *** piety under Makhleb
 15641 | D:12     | Got a dazzling rapier
 16193 | D:12     | Got a fading cloak
 16199 | D:12     | Identified the cursed +0 cloak of Caufe {rElec rPois rC-
                  | Regen+} (You found it on level 12 of the Dungeon)
 16299 | Orc:1    | Entered Level 1 of the Orcish Mines
 16521 | Orc:2    | Entered Level 2 of the Orcish Mines
 16532 | Orc:2    | Noticed Rupert
 16540 | Orc:2    | Paralysed by Rupert for 2 turns
 16547 | Orc:2    | Slain by Rupert

Illustrated notes

Levels and vault maps discovered:
D:1:      minmay_arrival_four_loops, layout_basic
D:2:      layout_loops_ring, nicolae_overflow_crystal_walls,
          nicolae_overflow_hidden_temple, elyvilon_altar_3
D:3:      wad_lake_hut, layout_basic, minmay_randomly_rotated_circles
D:4:      layout_basic, marbit_many_paths, lemuel_old_faithful
D:5:      layout_basic, overflow_temple_1_default
D:6:      layout_basic, fedhas_altar_2
D:7:      layout_loops_ring, chequers_temple_overflow_minitemple,
          minmay_temple_entry_large_hall, basic_altar,
          minmay_misc_feat_four_crosses
D:8:      minmay_statue_hallways, layout_cave_pools, okawaru_trees_1,
          lemuel_coloured_pillars_altar, serial_gnoll_camp, gnoll_camp_mini_hut,
          gnoll_camp_mini_hut, grums_kennel, gnoll_camp_huts_basic,
          serial_shops, shop_fountains, uniq_maurice
D:9:      layout_grid_maze, minmay_lair_entry_grove, special_room
          [special_room_kobold]
D:10:     layout_rooms, minmay_tree_intersection, grunt_decor_arrowhead,
          kennysheep_small_circle
D:11:     layout_basic, david_orc_3, enter_trove_5
D:12:     layout_basic, portal_ice_cave_entry_pillars_1
Orc:1:    layout_caves, basic_altar, abandoned_shop
Orc:2:    st_orc_ogre_mass, layout_caves, mines2_david, uniq_saint_roka,
          uniq_rupert

Skill      XL: |  1  2  3  4  5  6  7  8  9 10 11 12 |
---------------+-------------------------------------+-----
Dodging        | 3 4 5 6 8 9 10 | 10.6
Long Blades    | 3 4 5 6 8 9 10 11 | 11.0
Fighting       | 3 4 5 7 8 10 11 | 11.7
Invocations    | 6 7 |  7.9
Armour         | 2 |  2.8
Throwing       | |  1.7

Action                   |  1- 3 |  4- 6 |  7- 9 | 10-12 || total
-------------------------+-------+-------+-------+-------++-------
Melee: Long sword        |    94 |   168 |   179 |   550 ||   991
       Kick              |       |       |    33 |   259 ||   292
Throw: Throwing net      |       |     2 |     1 |     3 ||     6
Evoke: Tin of tremorston |       |       |       |     1 ||     1
       Wand              |       |       |       |     2 ||     2
  Use: Potion            |     1 |       |       |     1 ||     2
       Scroll            |       |       |     9 |     5 ||    14
 Stab: Sleeping          |       |       |     1 |     3 ||     4
       Distracted        |       |       |       |     2 ||     2
       Held in net/web   |       |       |       |     2 ||     2
Armor: Leather armour    |    26 |    40 |    37 |    52 ||   155
Dodge: Dodged            |    68 |   129 |   147 |   522 ||   866
       Rpst.: Long sword |    26 |    50 |    47 |   126 ||   249

Table legend: (Time is in decaauts)
 A = Elapsed time spent in this place.
 B = Non-inter-level travel time spent in this place.
 C = Inter-level travel time spent in this place.
 D = Time resting spent in this place.
 E = Time spent auto-exploring this place.
 F = Levels seen in this place.
 G = Mean time per level.
                   A        B        C        D        E       F      G
               +--------+--------+--------+--------+--------+-----+--------+
         Total |  16625 |  15867 |    758 |   5219 |   8125 |  15 | 1108.3 |
       Dungeon |  16156 |  15418 |    738 |   5046 |   7989 |  12 | 1346.3 |
  Orcish Mines |    223 |    203 |     20 |      0 |    136 |   2 |  111.5 |
      Ice Cave |    246 |    246 |      0 |    173 |      0 |   1 |  246.0 |
               +--------+--------+--------+--------+--------+-----+--------+

Top non-repeatable levels by time:
     D:5: 2114 daAuts
     D:8: 2090 daAuts
    D:11: 1919 daAuts
     D:4: 1516 daAuts
     D:9: 1367 daAuts
     D:3: 1302 daAuts
     D:6: 1274 daAuts
     D:2: 1048 daAuts
    D:12: 971 daAuts
    D:10: 958 daAuts
     D:7: 864 daAuts
     D:1: 728 daAuts
   IceCv: 246 daAuts
   Orc:1: 201 daAuts
   Orc:2: 22 daAuts
